 Dungeon Crawl Stone Soup version 0.29.0-4-gdea44cf6ec (webtiles) character file.

Game seed: 14826379028538278504

69 qw the Chopper (level 4, -1/26 HPs)
             Began as a Tengu Warper on Aug 28, 2022.
             Slain by a goblin
             ... wielding a +0 dagger
             ... led by Robin
              (4 damage)
             ... on level 2 of the Dungeon.
             The game lasted 00:00:09 (1488 turns).

qw the Chopper (Tengu Warper)                       Turns: 1488, Time: 00:00:09

Health: -1/26      AC:  6    Str: 14    XL:     4   Next: 20%
Magic:  8/8        EV:  9    Int: 13    God:
Gold:   85         SH:  0    Dex: 13    Spells: 7/7 levels left

rFire   . . .      SeeInvis .   Y - +0 hand axe
rCold   + . .      Faith    .   (no shield)
rNeg    . . .      Spirit   .   k - +0 scale mail
rPois   .          Reflect  .   (helmet restricted)
rElec   .          Harm     .   (no cloak)
rCorr   .          Rampage  .   (no gloves)
Will    .....                   (boots unavailable)
Stlth   ..........              (no amulet)
HPRegen 0.08/turn               d - ring of protection from cold
MPRegen 0.11/turn               (no ring)

@: no status effects
A: beak, talons 3
a: no special abilities


You were on level 2 of the Dungeon.
You visited 1 branch of the dungeon, and saw 2 of its levels.

You collected 85 gold pieces.


Innate Abilities, Weirdness & Mutations

You have a beak for a mouth.
You have claws for feet.


   Skills:
 - Level 2.0 Fighting
 + Level 4.8 Axes
 - Level 1.0 Throwing
 - Level 1.1 Armour
 - Level 2.1 Dodging
 - Level 2.0 Spellcasting
 - Level 2.4 Translocations


You had 7 spell levels left.
You didn't know any spells.
Your spell library contained the following spells:

 Spells                   Type           Power      Damage    Failure   Level
 Blink                    Tloc           14%        N/A       54%         2
 Gell's Gravitas          Tloc           7%         N/A       77%         3
 Lesser Beckoning         Tloc           7%         N/A       77%         3
 Teleport Other           Tloc           7%         N/A       77%         3
 Manifold Assault         Tloc           7%         N/A       100%        5

Inventory:

Hand Weapons
 b - a +0 club
 Y - a +0 hand axe (weapon)
Armour
 c - a +0 pair of gloves
 k - a +0 scale mail (worn)
Jewellery
 d - a ring of protection from cold (left hand)
Scrolls
 a - a scroll of identify {unknown}
Potions
 i - 2 potions of might {unknown}
 j - a potion of curing {unknown}
 l - a potion of lignification {unknown}
 m - a potion of flight {unknown}

Dungeon Overview and Level Annotations

Branches:
Dungeon (2/15)

Altars:

Annotations:
D:2 Robin


Message History

You hit the hobgoblin but do no damage. You barely miss the goblin. x2
You hit the hobgoblin. The hobgoblin barely misses you. The hobgoblin hits you.
The goblin hits you but does no damage. x2
You hit the hobgoblin. Your kick misses the hobgoblin. You peck the hobgoblin.
The hobgoblin is almost dead.
You hit Robin but do no damage. You closely miss the hobgoblin.
You hit the goblin.
You kill the goblin!
You hit the goblin.
You kill the goblin!
Robin throws the goblin at you! The goblin misses you.
The hobgoblin hits you but does no damage.
The hobgoblin barely misses you. Robin barely misses you.
The hobgoblin hits you but does no damage.
The goblin hits you but does no damage.
You hit the hobgoblin.
You kill the hobgoblin!
You completely miss the goblin. You hit the hobgoblin but do no damage.
You completely miss Robin. You hit the hobgoblin but do no damage.
Robin hits you but does no damage. The hobgoblin hits you.
The goblin hits you but does no damage. The hobgoblin barely misses you.
You completely miss Robin. Your kick misses Robin. You barely miss the goblin.
You hit the hobgoblin. You barely miss the hobgoblin.
Robin hits you with a +0 club.
The hobgoblin hits you but does no damage.
The goblin hits you with a +0 dagger. The hobgoblin closely misses you.
You hit the hobgoblin.
You kill the hobgoblin!
You barely miss Robin. You closely miss the hobgoblin.
You hit the goblin but do no damage. Robin hits you but does no damage.
The hobgoblin barely misses you. The goblin hits you but does no damage.
You hit Robin.
Robin is lightly wounded.
You hit the hobgoblin. You hit the goblin. Robin hits you but does no damage.
The hobgoblin hits you but does no damage.
The goblin hits you with a +0 dagger.
You die...

.....##.# ....###.#
.....##.# .....##.#
........# ####### ###
....%.#######.....##....
.............)..........
............)..)).......
#..#.######....g@g......
...... #....))g..[...
...... #.............
..... #.............
..... #............. ...
##............
##.^...##.... #######
####


You could see Robin, a hobgoblin (strong) and a goblin (strong).

Vanquished Creatures
  2 adders (D:2)
  A dart slug (D:1)
  4 ball pythons
  4 bats
  2 endoplasms (D:1)
  2 giant cockroaches (D:1)
  10 goblins (D:2)
  7 hobgoblins
  6 kobolds
  A frilled lizard (D:1)
  5 rats
44 creatures vanquished.

Notes
Turn   | Place    | Note
-------+----------+-------------------------------------------
     0 | D:1      | qw the Tengu Warper began the quest for the Orb.
     0 | D:1      | Reached XP level 1. HP: 12/12 MP: 4/4
     0 | D:1      | 0 ||| qw: Version: 0.1-a-89-g26bdef1
     0 | D:1      | 0 ||| qw: Game counter: 1785
     0 | D:1      | 0 ||| qw: Always use a shield: true
     0 | D:1      | 0 ||| qw: God list: Okawaru
     0 | D:1      | 0 ||| qw: Allow faded altars: false
     0 | D:1      | 0 ||| qw: Do Orc after D:15 true
     0 | D:1      | 0 ||| qw: Do second Lair branch before Depths: true
     0 | D:1      | 0 ||| qw: Lair rune preference: random
     0 | D:1      | 0 ||| qw: Plans: Normal
     0 | D:1      | 0 ||| PLANNING D:1-11
   132 | D:1      | Reached XP level 2. HP: 14/17 MP: 6/6
   241 | D:1      | Reached skill level 3 in Axes
   279 | D:1      | 279 ||| Stepping ~*~*~tactically~*~*~ (stealth).
   287 | D:1      | HP: 4/17 [hobgoblin (2)]
   589 | D:1      | Found a faded altar of an unknown god.
   755 | D:1      | Reached XP level 3. HP: 21/21 MP: 7/7
  1072 | D:1      | 1072 ||| UPGRADING to +0 scale mail.
  1082 | D:1      | 1082 ||| DROPPING +0 leather armour.
  1083 | D:1      | 1083 ||| UPGRADING to ring of protection from cold.
  1084 | D:1      | 1084 ||| READING scroll labelled RIENAH ERCHONI.
  1085 | D:1      | 1085 ||| READING scroll labelled YMAXKI BIW KIO.
  1086 | D:1      | 1086 ||| READING scroll labelled NOTSIM GOUZEXA.
  1087 | D:1      | 1087 ||| READING scroll labelled EPLEUSOJIQ.
  1210 | D:1      | 1210 ||| DROPPING scroll of blinking.
  1276 | D:2      | Reached skill level 4 in Axes
  1454 | D:2      | Reached XP level 4. HP: 26/26 MP: 8/8
  1476 | D:2      | Noticed Robin
  1485 | D:2      | HP: 6/26 [hobgoblin[Robin] (3)]
  1486 | D:2      | HP: 2/26 [goblin/+0 dagger[Robin] (1)]
  1488 | D:2      | Slain by a goblin

Levels and vault maps discovered:
D:1:      saegor_arrival_under_anarchy, layout_loops_cross,
          shapermc_ecumenical_altar_notcrosses
D:2:      layout_rooms, uniq_robin

Skill      XL: |  1  2  3 |
---------------+----------+-----
Axes           | 3 4 |  4.8
Fighting       | |  2.0
Throwing       | |  1.0
Armour         | |  1.1
Dodging        | |  2.1
Spellcasting   | |  2.0
Translocations | |  2.4

Action                   |  1- 3 |  4- 6 || total
-------------------------+-------+-------++-------
Melee: Hand axe          |    61 |    12 ||    73
       Kick              |    12 |     1 ||    13
       Peck              |     9 |     1 ||    10
Throw: Boomerang         |     7 |       ||     7
  Use: Scroll            |     4 |       ||     4
Armor: Leather armour    |     9 |       ||     9
       Scale mail        |     7 |    19 ||    26
Dodge: Dodged            |    25 |    11 ||    36

Table legend:
 A = Non-vault XP
 B = Vault XP
 C = Vault XP percentage of total XP
 D = Non-vault monster count
 E = Vault monster count
 F = Vault count percentage of total count
                 A         B        C        D         E       F
            +---------+---------+-------+---------+---------+-------
      Total |      81 |      18 |  18.2 |      34 |      10 |  22.7
            +---------+---------+-------+---------+---------+-------
        D:1 |      42 |       0 |   0.0 |      24 |       0 |   0.0
        D:2 |      39 |      18 |  31.6 |      10 |      10 |  50.0
            +---------+---------+-------+---------+---------+-------
